 Dungeon Crawl Stone Soup version 0.20.0-15-g7f486f2 (webtiles) character file.

80 sscrono2 the Sneak (level 4, -7/29 HPs)
             Began as an Octopode Assassin on June 15, 2017.
             Was a Follower of Nemelex Xobeh.
             Killed by divine providence
             ... invoked by an orc priest
              (17 damage)
             ... on level 2 of the Dungeon.
             The game lasted 00:04:31 (1269 turns).

sscrono2 the Sneak (Octopode Assassin)              Turns: 1269, Time: 00:04:31

Health: -7/29      AC:  1    Str: 10    XL:     4   Next: 39%
Magic:  4/4        EV: 13    Int: 13    God:    Nemelex Xobeh [*.....]
Gold:   89         SH:  0    Dex: 14    Spells: 3/3 levels left

rFire    . . .     SeeInvis .   a - +2 dagger
rCold    . . .     Gourm    .   (no shield)
rNeg     . . .     Faith    .   (helmet restricted)
rPois    .         Spirit   .   (no amulet)
rElec    .         Reflect  .   (no ring)
rCorr    .         Harm     .   (no ring)
MR       .....                  (no ring)
Stlth    ++++......             (no ring)
Regen    0.1/turn               (no ring)
MPRegen  0.1/turn               (no ring)
                                (no ring)
                                (no ring)

@: no status effects
A: almost no armour, stealthy swim, amphibious, 8 rings, constrict 8, camouflage
1, gelatinous body 1
a: Renounce Religion


You were on level 2 of the Dungeon.
You worshipped Nemelex Xobeh.
Nemelex Xobeh was aware of your devotion.
You were not hungry.

You visited 1 branch of the dungeon, and saw 2 of its levels.

You collected 89 gold pieces.

Inventory:

Hand Weapons
 a - a +2 dagger (weapon)
 b - a +0 blowgun
Missiles
 c - 8 poisoned needles
 d - 2 curare-tipped needles
 q - 4 needles of sleeping
Armour
 g - a +0 large shield
Scrolls
 e - a scroll of magic mapping {unknown}
 h - 2 scrolls of blinking {unknown}
 k - 2 scrolls of identify {unknown}
 l - a scroll of fog {unknown}
 m - a scroll of random uselessness {unknown}
 r - a scroll of noise {unknown}
Potions
 i - a potion of brilliance {unknown}
 j - 2 potions of mutation {unknown}
 p - a potion of curing {unknown}
Miscellaneous
 o - a plain deck of destruction {drawn: 4}
 s - a plain deck of summoning
Comestibles
 f - 5 bread rations
 n - 6 chunks of flesh


   Skills:
 + Level 2.2 Fighting
 * Level 3.0 Short Blades
 + Level 2.4 Throwing
 + Level 2.0 Dodging
 + Level 5.7 Stealth
 * Level 0.4 Shields
 * Level 0.9 Invocations


You had 3 spell levels left.
You didn't know any spells.

Dungeon Overview and Level Annotations

Branches:
Dungeon (2/15)

Altars:
Nemelex Xobeh


Innate Abilities, Weirdness & Mutations

You cannot wear most types of armour.
You are very stealthy in the water. (Stealth+)
You are amphibious.
You can wear up to eight rings at the same time.
You can use your tentacles to constrict eight enemies at once.
Your skin changes colour to match your surroundings (Stealth+).
Your rubbery body absorbs attacks. (AC +1, EV +1)


Message History

You butcher the orc corpse.
Lightning arcs down from a storm cloud!
n - 6 chunks of flesh (gained 1)
Things that are here:
a mace; a leather armour; an orc skeleton Lightning arcs down from a storm cloud!
What are your orders? t - Shout!
Orders for allies: a - Attack new target. r - Retreat! s - Stop attacking. g - Guard the area. f - Follow me.
Anything else - Cancel.
Gang up on whom?
Press: ? - help, Dir - move target cursor, f - orc priest
Aim: an orc priest Attack!
The orc priest invokes the aid of Beogh against you.
Beogh smites you!
Ouch! That really hurt!
You die...
Your body glows slightly and disappears.

...##............................
...##.####.#######..# ##.......#.
...##.# #........# # #.......##
...##.# ########.# #.......#.
...##.# #..§§##.## ##.......#.
...##.#### #§§..##..#........#.
...##.#.. ##.### #.#....)...#.
)..##.#.# #####..)###..........#.
...##.#.###.§§§.@E§§§..........##
.........##.#.§§§§§§#ol........#
###......##.#§#§.§#§#..........#
#......##.#.§§§§§.#..........##
#.......#.#.......#..####.####.
#.......#.#.......#..# #.# #.
#.......#.#.#...#.#..# #.# #.
#.......#.#.......#..# #.# #.
#######.#.##.....##..####.####.


You could see an orc priest, a leopard gecko and a friendly air elemental.

Vanquished Creatures
  An adder (D:2)
  An ooze (D:1)
  4 dart slugs (D:1)
  5 orcs (D:2)
  2 ball pythons
  A giant cockroach (D:2)
  4 hobgoblins
  3 jackals (D:2)
  A quokka (D:2)
  6 bats
  A frilled lizard (D:1)
  5 goblins
  7 kobolds
  4 rats (D:1)
45 creatures vanquished.

Vanquished Creatures (collateral kills)
  An adder (D:2)
1 creature vanquished.

Grand Total: 46 creatures vanquished

Notes
Turn   | Place    | Note
-------+----------+-------------------------------------------
     0 | D:1      | sscrono2 the Octopode Assassin began the quest for the Orb.
     0 | D:1      | Reached XP level 1. HP: 14/14 MP: 1/1
   119 | D:1      | Reached XP level 2. HP: 17/19 MP: 2/2
   341 | D:1      | Reached XP level 3. HP: 24/24 MP: 3/3
   821 | D:2      | Found a faded altar of an unknown god.
   887 | D:2      | Became a worshipper of Nemelex Xobeh the Trickster
   887 | D:2      | Received a gift from Nemelex Xobeh
   887 | D:2      | Reached * piety under Nemelex Xobeh
  1120 | D:2      | Reached XP level 4. HP: 29/29 MP: 4/4
  1210 | D:2      | Received a gift from Nemelex Xobeh
  1269 | D:2      | Killed from afar by an orc priest

Skill      XL: |  1  2  3  4 |
---------------+-------------+-----
Short Blades   | 3 |  3.0
Dodging        | 2 |  2.0
Fighting       | |  2.2
Throwing       | |  2.4
Stealth        | |  5.7
Shields        | |  0.4
Invocations    | |  0.9

Action                   |  1- 3 |  4- 6 || total
-------------------------+-------+-------++-------
Melee: Dagger            |    54 |    17 ||    71
       Constrict         |    12 |     6 ||    18
       Tentacles         |     8 |     5 ||    13
Evoke: Deck              |     2 |     2 ||     4
 Stab: Sleeping          |    18 |       ||    18
  Eat: Chunk             |     1 |       ||     1
Armor: Skin              |     6 |       ||     6
Dodge: Dodged            |    27 |    19 ||    46
